 Dungeon Crawl Stone Soup version 0.30-a0-808-g6e0788376e (webtiles) character file.

Game seed: 9908263172403006311

3485292 demibob the Minotaur Barricade (level 26, 239/239 HPs)
             Began as a Minotaur Fighter on Feb 25, 2023.
             Was an Initiate of Gozag.
             Escaped with the Orb
             ... and 5 runes!
             The game lasted 02:17:04 (60865 turns).

demibob the Minotaur Barricade (Minotaur Fighter)  Turns: 60865, Time: 02:17:05

Health: 239/239    AC: 40    Str: 29    XL:     26   Next: 85%
Magic:  31/31      EV: 22    Int: 17    God:    Gozag
Gold:   726        SH: 25    Dex: 26    Spells: 25/25 levels left

rFire   + + .      SeeInvis .    a - +9 demon blade (vamp)
rCold   + + .      Faith    .    V - +5 Storm Queen's Shield {shock, Fly rElec}
rNeg    . . .      Spirit   .    t - +8 orange crystal plate armour {Archmagi, Int+3 Clar}
rPois   +          Reflect  .    U - +2 hat {Will+}
rElec   +          Harm     .    n - scarf {rC+ rF+}
rCorr   .          Rampage  .    o - +0 pair of fencer's gloves {Riposte Dex+3}
Will    ++...      Archmagi +    v - +2 pair of boots Stlth Clarity +
                                 W - amulet "Puvvuas" {Acrobat Str+5}
HPRegen 0.59/turn                Q - ring of Fedhas's Envy {rF+ rC+ MP+9 Int+3}
MPRegen 0.22/turn                C - ring "Lisaomm" {rPois Int+6 Dex+4}

@: flying, studying Fire Magic
A: horns 2, retaliatory headbutt, hooves 2, clarity, deformed body, frail 1,
evolution 1
0: Orb of Zot
}: 5/15 runes: barnacled, slimy, silver, abyssal, gossamer
a: Renounce Religion, Potion Petition, Call Merchant, Bribe Branch


You escaped.
You worshipped Gozag.
Gozag was pleased with you.
You visited 12 branches of the dungeon, and saw 56 of its levels.
You visited the Abyss 2 times.
You also visited: Ossuary.

You collected 29500 gold pieces.
You spent 11159 gold pieces at shops.
You paid 17615 gold pieces to Gozag.


Innate Abilities, Weirdness & Mutations

You have a pair of horns on your head.
You reflexively headbutt those who attack you in melee.
You have hoof-like feet.
You possess an exceptional clarity of mind.
Armour fits poorly on your strangely shaped body.
You are frail. (-10% HP)
You have hidden genetic potential.


   Skills:
 O Level 27 Fighting
 + Level 25.9 Long Blades
 O Level 27 Armour
 + Level 20.2 Dodging
 O Level 27 Shields
 - Level 14.4 Evocations


You had 25 spell levels left.
You didn't know any spells.
Your spell library contained the following spells:

 Spells                   Type           Power      Damage    Failure   Level
 Foxfire                  Conj/Fire      0%         2x1d4     78%         1
 Freeze                   Ice            0%         1d3       78%         1
 Kiss of Death            Conj/Necr      0%         2d5       78%         1
 Sandblast                Erth           0%         2d4       78%         1
 Slow                     Hex            0%         N/A       78%         1
 Call Imp                 Summ           0%         N/A       89%         2
 Cigotuvi's Dreadful Rot  Necr/Pois/Air  0%         N/A       89%         2
 Ensorcelled Hibernation  Hex/Ice        0%         N/A       89%         2
 Lesser Beckoning         Tloc           0%         N/A       89%         2
 Passwall                 Tmut/Erth      0%         N/A       89%         2
 Poisonous Vapours        Pois/Air       0%         N/A       89%         2
 Scorch                   Fire           0%         2d5       89%         2
 Sublimation of Blood     Necr           0%         N/A       89%         2
 Wereblood                Tmut           0%         N/A       89%         2
 Call Canine Familiar     Summ           0%         N/A       98%         3
 Confusing Touch          Hex            0%         N/A       98%         3
 Frozen Ramparts          Ice            0%         1d1       98%         3
 Gell's Gravitas          Tloc           0%         N/A       98%         3
 Hailstorm                Conj/Ice       0%         3d3       98%         3
 Ignite Poison            Fire/Tmut/Pois 0%         N/A       98%         3
 Inner Flame              Hex/Fire       0%         N/A       98%         3
 Kindle Blastsparks       Fire/Tloc/Air  0%         2d10      98%         3
 Portal Projectile        Hex/Tloc       0%         N/A       98%         3
 Spider Form              Tmut/Pois      0%         N/A       98%         3
 Stone Arrow              Conj/Erth      0%         3d7       98%         3
 Summon Guardian Golem    Hex/Summ       0%         N/A       98%         3
 Swiftness                Air            0%         N/A       98%         3
 Teleport Other           Tloc           0%         N/A       98%         3
 Tukima's Dance           Hex            0%         N/A       98%         3
 Vampiric Draining        Necr           0%         2d6       98%         3
 Vhi's Electric Charge    Tloc/Air       0%         N/A       98%         3
 Anguish                  Hex/Necr       0%         N/A       100%        4
 Cause Fear               Hex            0%         N/A       100%        4
 Dispel Undead            Necr           0%         3d6       100%        4
 Flame Wave               Conj/Fire      0%         2d4       100%        4
 Fulminant Prism          Conj/Hex       0%         3d5       100%        4
 Ice Form                 Ice/Tmut       0%         N/A       100%        4
 Iskenderun's Mystic Bla  Conj/Tloc      0%         2d3       100%        4
 Leda's Liquefaction      Hex/Erth       0%         N/A       100%        4
 Manifold Assault         Tloc           0%         N/A       100%        4
 Olgreb's Toxic Radiance  Pois           0%         N/A       100%        4
 Passage of Golubria      Tloc           0%         N/A       100%        4
 Sticky Flame             Conj/Fire      0%         2d3       100%        4
 Alistair's Intoxication  Tmut/Pois      0%         N/A       100%        5
 Borgnjor's Vile Clutch   Necr/Erth      0%         N/A       100%        5
 Fireball                 Conj/Fire      0%         3d3       100%        5
 Iskenderun's Battlesphe  Conj           0%         2d6       100%        5
 Lee's Rapid Deconstruct  Erth           0%         3d4*      100%        5
 Metabolic Englaciation   Hex/Ice        0%         N/A       100%        5
 Silence                  Hex/Air        0%         N/A       100%        5
 Summon Forest            Summ/Tloc      0%         N/A       100%        5
 Yara's Violent Unravell  Hex/Tmut       0%         3d3       100%        5
 Conjure Ball Lightning   Conj/Air       0%         3x3d6     100%        6
 Dispersal                Tloc           0%         N/A       100%        6
 Eringya's Noxious Bog    Tmut/Pois      0%         N/A       100%        6
 Statue Form              Tmut/Erth      0%         N/A       100%        6
 Summon Cactus Giant      Summ           0%         N/A       100%        6
 Malign Gateway           Summ/Tloc      0%         N/A       100%        7
 Orb of Destruction       Conj           0%         9d5       100%        7
 Ozocubu's Refrigeration  Ice            0%         4d7       100%        7
 Spellforged Servitor     Conj/Summ      0%         N/A       100%        7
 Summon Hydra             Summ           0%         N/A       100%        7
 Borgnjor's Revivificati  Necr           0%         N/A       100%        8
 Disjunction              Tloc           0%         N/A       100%        8
 Ignition                 Fire           0%         3d3       100%        8
 Lehudib's Crystal Spear  Conj/Erth      0%         10d2      100%        8
 Death's Door             Necr           0%         N/A       100%        9
 Simulacrum               Ice/Necr       Unusable   N/A       N/A         6

Inventory:

Hand Weapons
 a - a +9 vampiric demon blade (weapon)
Armour
 h - the +1 pair of gloves of an ossuary {Int+3}
   (You found it on level 3 of the Realm of Zot)

   Int:       It affects your intelligence (+3).
 n - a scarf of resistance (worn)
 o - the +0 pair of fencer's gloves (worn) {Riposte Dex+3}
   (You bought it in a shop on level 14 of the Dungeon)

   Riposte:   It allows the wearer to riposte with melee weapons, swiftly
   retaliating against missed or blocked melee attacks.
   Dex:       It affects your dexterity (+3).
 t - the +8 orange crystal plate armour (worn) {Archmagi, Int+3 Clar}
   (You bought it in a shop on level 8 of the Dungeon)

   Int:       It affects your intelligence (+3).
   Clar:      It protects you against confusion.
 v - a +2 pair of boots (worn)
 H - the +9 plate armour "Tixa" {Rampage Fly rElec Regen+}
   (You bought it in a shop on level 8 of the Dungeon)

   rElec:     It insulates you from electricity.
   Fly:       It grants you flight.
   Regen:     It increases your rate of health regeneration.
   Rampage:   It bestows one free step when moving towards enemies.
 I - a +2 pair of boots of flying
 U - a +2 hat of willpower (worn)
 V - the +5 Storm Queen's Shield (worn) {shock, Fly rElec}
   (You bought it in a shop on level 12 of the Dungeon)

   Shock:     When it blocks an attack, it may electrocute the attacker.
   This works even against foes who are a short distance away.
   rElec:     It insulates you from electricity.
   Fly:       It grants you flight.
Jewellery
 c - the ring of Bimoho {Will+ MP+9 Str+3 SInv}
   (You took it off a deep elf high priest on level 3 of the Elven Halls)

   [ring of magical power]

   Str:       It affects your strength (+3).
   MP:        It affects your magic capacity (+9).
   SInv:      It lets you see invisible.
   Will:      It increases your willpower.
 s - the ring "Sotuc" {rN+ Will+ Slay+6 Stlth-}
   (You took it off a deep elf demonologist on level 3 of the Elven Halls)

   [ring of willpower]

   Slay:      It affects your accuracy & damage with ranged weapons and melee
   (+6).
   rN:        It protects you from negative energy.
   Will:      It increases your willpower.
   Stlth:     It makes you less stealthy.
 w - a ring of willpower
 C - the ring "Lisaomm" (right hand) {rPois Int+6 Dex+4}
   (You took it off an orc knight on level 5 of the Vaults)

   [ring of poison resistance]

   Int:       It affects your intelligence (+6).
   Dex:       It affects your dexterity (+4).
   rPois:     It protects you from poison.
 D - a +6 ring of dexterity
 F - a ring of protection from fire
 M - the ring "Yrun" {rN+ Slay+4 Stlth+}
   (You found it on level 2 of the Vaults)

   [ring of slaying]

   Slay:      It affects your accuracy & damage with ranged weapons and melee
   (+4).
   rN:        It protects you from negative energy.
   Stlth:     It makes you more stealthy.
 Q - the ring of Fedhas's Envy (left hand) {rF+ rC+ MP+9 Int+3}
   (You took it off an ironbound preserver on level 5 of the Vaults)

   [ring of magical power]

   Int:       It affects your intelligence (+3).
   rF:        It protects you from fire.
   rC:        It protects you from cold.
   MP:        It affects your magic capacity (+9).
 R - a ring of resist corrosion
 W - the amulet "Puvvuas" (around neck) {Acrobat Str+5}
   (You found it on level 2 of the Vaults)

   [amulet of the acrobat]

   It increases your evasion while moving and waiting.
   Str:       It affects your strength (+5).
Wands
 e - a wand of paralysis (41)
 i - a wand of acid (30)
 u - a wand of flame (113)
 B - a wand of iceblast (47)
 E - a wand of digging (22)
 G - a wand of mindburst (40)
 Z - a wand of polymorph (10)
Scrolls
 b - 4 scrolls of enchant armour
 g - 5 scrolls of magic mapping
 l - 16 scrolls of teleportation {@r2}
 q - 6 scrolls of fear
 y - 4 scrolls of brand weapon
 z - 2 scrolls of fog
 J - 7 scrolls of poison
 P - a scroll of summoning
 S - 3 scrolls of enchant weapon
Potions
 d - 5 potions of might
 f - 3 potions of brilliance
 j - 21 potions of curing {@q1}
 p - 3 potions of resistance
 r - 7 potions of invisibility
 x - 5 potions of flight
 K - 2 potions of cancellation
 L - 3 potions of haste {@q3}
 O - 5 potions of berserk rage {!q}
 X - 3 potions of heal wounds {@q2}
Miscellaneous
 k - a lightning rod (4/4)
 m - a phial of floods
 A - a box of beasts
 N - a condenser vane
 T - a phantom mirror

Dungeon Overview and Level Annotations

Branches:
Dungeon (15/15)            Temple (1/1) D:6            Lair (5/5) D:8
 Shoals (4/4) Lair:2       Spider (4/4) Lair:2        Slime (5/5) Lair:5
    Orc (2/2) D:12            Elf (3/3) Orc:2        Vaults (5/5) D:14
  Crypt (3/3) Vaults:3       Tomb (0/3) Crypt:3      Depths (4/4) D:15
    Zot (5/5) Depths:4    Ossuary (visited)

Altars:
Ashenzari
Cheibriados
Dithmenos
Elyvilon
Fedhas
Gozag
Hepliaklqana
Kikubaaqudgha
Makhleb
Nemelex Xobeh
Okawaru
Qazlal
Ru
Sif Muna
Trog
Uskayaw
Vehumet
Wu Jian
Xom
Yredelemnul
Zin
The Shining One
Jiyva

Shops:
D:8 ?[([   D:10 (   D:12 [=(*   D:14 [(=[   D:15 [   Orc:2 =*(?   Elf:1 !
Elf:3 *   Shoals:2 !   Shoals:3 [   Vaults:1 [*   Vaults:3 *   Zot:5 !
Depths:1 :(*(   Depths:4 :

Portals:
Hell: Depths:1 Depths:2 Depths:3 Depths:4
Abyss: Depths:3
Pandemonium: Depths:2 Depths:3
Ziggurat: Depths:4

Annotations:
D:15 2 transporters, Nol Upoh's ghost, journeyman GrFi
Shoals:2 1 runed translucent door, Mil Mal Serr's ghost, adept MiFi
Elf:2 3 runed translucent doors
Depths:1 4 transporters
Zot:1 4 transporters

###''### #.[.###
###≈§..§§###
#...#
##§§≈≈..≈≈≈≈##
#...#
#§§≈▓≈..≈▓≈≈≈#
#####
##§§§≈§..≈≈≈≈≈##
#≈≈≈≈≈§..≈≈≈≈≈≈#
#§≈≈§§▓..▓≈≈§≈≈#
#§≈▓≈≈▓..▓≈≈▓§§#
#≈§≈≈≈▓@>▓§§≈§≈#
#≈≈§≈≈▓▓▓▓≈≈§§§#
#≈§§≈§≈≈≈≈§≈≈§≈#
##≈≈▓§≈≈≈≈≈▓≈≈##
#≈≈≈§≈≈≈≈≈≈≈≈#
##≈≈≈≈≈§≈≈≈≈##
###≈≈≈≈§§###
########


There were no monsters in sight!


Message History

(V) Vaults (C) Crypt (W) Tomb (U) Depths (H) Hell (Z) Zot
Where to? (Enter - D:1, ? - help)
There is a stone staircase leading up here.
You fly upwards.
There is a stone staircase leading down here.
You see here a +0 club.
An ice devil comes into view.
You slash the ice devil!
The ice devil is moderately wounded.
You hit the ice devil.
The ice devil is moderately wounded.
You block the ice devil's attack.
You hit the ice devil. You headbutt the ice devil!
The ice devil is heavily wounded.
You slice the ice devil!!
You kill the ice devil!
No target in view!
(D) Dungeon (T) Temple (L) Lair (A) Shoals (N) Spider Nest (M) Slime Pits (O) Orcish Mines (E) Elven Halls (V) Vaults (C) Crypt (W) Tomb (U) Depths (H) Hell (Z) Zot
Where to? (Enter - D:1 @ (x,y), ? - help)
You now have 726 gold pieces (gained 7).
There is an open door here.
You see here a +0 ring mail.
There is a large open door here.
There is a staircase leading out of the dungeon here.
You see here a +0 buckler.
You have escaped!

Skill      XL: |  1  2  3  4  5  6  7  8  9 10 11 12 13 14 15 16 17 18 19 20 21 22 23 24 25 26 |
---------------+-------------------------------------------------------------------------------+-----
Long Blades    | 3 4 5 6 7 9 11 14 18 20 23 25 | 25.9
Fighting       | 4 8 10 11 13 14 16 18 19 21 22 23 25 26 27 | 27.0
Armour         | 4 8 10 12 16 18 20 21 22 23 24 27 | 27.0
Evocations     | 6 12 14 | 14.4
Shields        | 4 14 16 18 20 21 23 24 25 27 | 27.0
Dodging        | 5 9 12 13 17 20 | 20.2

Action                     |  1- 3 |  4- 6 |  7- 9 | 10-12 | 13-15 | 16-18 | 19-21 | 22-24 | 25-27 || total
---------------------------+-------+-------+-------+-------+-------+-------+-------+-------+-------++-------
  Melee: Long sword        |    60 |   127 |    45 |       |       |       |       |       |       ||   232
         Headbutt          |    10 |    23 |    50 |   106 |   296 |   562 |   614 |   763 |   574 ||  2998
         Punch             |       |     1 |     5 |       |       |       |       |       |       ||     6
         Falchion          |       |       |   230 |    48 |       |       |       |       |       ||   278
         Scimitar          |       |       |       |    57 |       |       |       |       |       ||    57
         Great sword       |       |       |       |   349 |   618 |       |       |       |       ||   967
         Demon blade       |       |       |       |       |   556 |  1592 |  1499 |  1683 |  1150 ||  6480
 Invoke: Call Merchant     |       |       |       |     1 |     3 |     1 |     5 |       |     1 ||    11
         Bribe Branch      |       |       |       |       |       |       |       |       |     1 ||     1
  Evoke: Wand              |       |       |     2 |     8 |     8 |       |       |       |     2 ||    20
         Condenser vane    |       |       |       |       |     2 |     4 |     2 |     2 |     4 ||    14
         Phantom mirror    |       |       |       |       |     1 |     1 |       |       |       ||     2
    Use: Scroll            |     7 |     6 |     4 |     6 |    17 |     4 |    12 |     5 |    11 ||    72
         Potion            |     1 |       |       |     5 |     9 |     8 |     2 |     6 |    18 ||    49
   Stab: Paralysed         |       |       |     2 |       |       |       |       |       |       ||     2
         Distracted        |       |       |       |     6 |    10 |    10 |    22 |    20 |    10 ||    78
         Petrifying        |       |       |       |       |     1 |       |       |       |     1 ||     2
         Invisible         |       |       |       |       |     7 |       |       |       |       ||     7
         Confused          |       |       |       |       |     2 |       |       |       |       ||     2
         Petrified         |       |       |       |       |    12 |       |       |       |       ||    12
 Armour: Scale mail        |    28 |    47 |    57 |   143 |    13 |       |       |       |       ||   288
         Plate armour      |       |       |       |       |   667 |   541 |   279 |   241 |       ||  1728
         Crystal plate arm |       |       |       |       |       |       |       |    46 |   293 ||   339
  Dodge: Dodged            |    35 |    57 |    50 |   156 |   317 |   233 |   301 |   376 |   418 ||  1943
  Block: Kite shield       |       |       |       |       |   364 |  1017 |   933 |  1083 |   871 ||  4268
Riposte: Demon blade       |       |       |       |       |       |   102 |   330 |   380 |   330 ||  1142

Levels and vault maps discovered:
D:1:      lightli_molten_gateway, layout_basic
D:2:      layout_loops_ring, kennysheep_generic_room_16
D:3:      layout_basic, overflow_temple_1_default, mainiacjoe_overflow_24_doors
D:4:      layout_rooms, makhleb_altar_promises_db,
          nicolae_hepliaklqana_hazy_memory
D:5:      layout_rooms, nicolae_uskayaw_en_pointe, lemuel_tele_altar,
          enter_ossuary_2, lightli_corner_chamber
D:6:      layout_loops_ring, grunt_temple_overflow_gold_and_silver,
          mainiacjoe_overflow_boulevard, minmay_temple_entry_from_below_a,
          uniq_duvessa
D:7:      layout_basic, general_overflow_altar, serial_corexii_hall,
          corexii_hall_statues_i, chequers_hall_statues_corner_a,
          hangedman_decor_slide_cut, uniq_pikel
D:8:      layout_basic, dpeg_lair_monsters, worms_lemuel, uniq_maurice
D:9:      layout_cave_pods, nicolae_ru_awakened_eye
D:10:     layout_irregular_city, uniq_lodul
D:11:     layout_layer_cave
D:12:     layout_cave_pools, orc_david_3, nicolae_shop_fire_sale
          [nicolae_sub_dead_trees], serial_bayou_pond_e, uniq_nergalle,
          uniq_jorgrun
D:13:     layout_loops_ring, minmay_misc_feat_cross, minivault_20,
          kennysheep_decorative_pillar, fedhas_ov_isle_minmay, uniq_azrael
D:14:     dreamdust_black_sun_cult, layout_small_grid, david_vaults_2,
          hangedman_decor_push, minmay_variable_closet, uniq_rupert
D:15:     grunt_enter_depths_snipers, layout_irregular_city, okawaru_gym_becter,
          serial_shops, nicolae_shop_crystal, gammafunk_ghost_stat_death,
          nicolae_wu_jian_immortal_techniques
Temple:   grunt_temple_mini_profane
Lair:1:   layout_long_grid, st_stairs_3
Lair:2:   layout_layer_cave, elwin_shoals_entry_rooms,
          hellmonk_spider_entry_life_and_decay, grunt_megastairs_1
Lair:3:   gammafunk_indiana_jones, layout_chaotic_city, guppyfry_lair_drakes,
          uniq_amaemon
Lair:4:   layout_loops_ring
Lair:5:   guppyfry_lair_end_dragon, layout_regular_city,
          hangedman_lair_in_review, slime_entry_1, serial_bayou_lake_a,
          lemuel_fruit_tree
Shoals:1: layout_shoals, nicolae_shoals_goliath_grotto
Shoals:2: layout_shoals, serial_shops, nicolae_shop_hallway_plus,
          gammafunk_ghost_grave, uniq_polyphemus
Shoals:3: layout_shoals, serial_shops, nicolae_shop_crystal, uniq_ilsuiw
Shoals:4: shoals_end_grunt_ice, layout_shoals, shoals_ilsuiw_ice,
          portal_ice_cave_entry_ice_statue_one
Spider:1: layout_spider_delve, uniq_donald
Spider:2: layout_spider_delve, nicolae_spider_rock_and_or_roll,
          hangedman_spider_tarantella_strand
Spider:3: layout_spider_delve
Spider:4: grunt_spider_rune_circles, nicolae_spider_bzzzt, uniq_agnes
Slime:1:  layout_caves
Slime:2:  layout_caves, nicolae_slime_welcoming_committee
Slime:3:  layout_caves, nicolae_slime_getting_an_eyeful
Slime:4:  layout_caves, nicolae_slime_phagocytosis
Slime:5
Orc:1:    layout_caves, basic_altar
Orc:2:    st_orc_mages, layout_diamond_mine, uniq_saint_roka
Elf:1:    elf_arrival_002, layout_rooms, serial_shops, shop,
          hangedman_elven_crosses_minicolossus
Elf:2:    elven_hall_of_blades_hangedman_original [nicolae_blade_little_rooms],
          layout_rooms
Elf:3:    minmay_elf_hall_x, layout_gridlike, serial_shops, shop, uniq_roxanne
Vaults:1: st_spiral_rooms, dpeg_vaults_monster_box, v_misc_9,
          hangedman_vaults_trim, v_misc_31, ontoclasm_vaults_pinch,
          nicolae_vaults_windows_and_doors_thing,
          nicolae_vaults_little_squares_1, v_alt_pattern_2, vaults_dpeg_hooks,
          layout_vaults_ring, serial_shops, shop, shop
Vaults:2: v_alt_pattern_4, hangedman_vaults_snaps, vaults_dpeg_ring,
          nicolae_vaults_what_the_h, v_misc_29, vaults_mumra_chevron,
          vaults_mumra_minichess, v_alt_pattern_5,
          minmay_guarded_unrand_secular_launcher,
          nicolae_vaults_little_squares_4, vaults_dpeg_diagonal,
          layout_vaults_big_room, uniq_margery, uniq_bai_suzhen
Vaults:3: vaults_mumra_bighexcomb, vaults_standard_mumra_x,
          ontoclasm_vaults_ring_small, v_misc_29, hangedman_vaults_stitches,
          vaults_room_grid, minmay_crypt_entry_simple_statues,
          nicolae_vaults_twisting_passages, hangedman_vaults_nails, v_misc_17,
          ontoclasm_vaults_decontamination, serial_ice_m,
          nicolae_vaults_alarming, layout_vaults_maze_snakey, serial_shops,
          nicolae_shop_hallway_plus
Vaults:4: v_misc_2, nicolae_vaults_angled_halls,
          nicolae_vaults_little_squares_2, nicolae_vaults_asterisk,
          hangedman_vaults_cutoff, nicolae_vaults_network_square, v_rooms_2,
          v_pattern_5, nicolae_vaults_angled_halls,
          nicolae_vaults_little_squares_2, v_misc_9, vaults_mumra_lcd,
          nicolae_vaults_gold_heap, layout_vaults_big_cross
Vaults:5: serial_shops
Crypt:1:  layout_rooms, nicolae_crypt_ancient_font
Crypt:2:  layout_chaotic_city, grunt_ministairs_12
Crypt:3:  church_of_pain_bobbens, layout_chaotic_city,
          tomb_entry_forgotten_bobbens
Depths:1: layout_basic, moated_statue, hell_entry,
          nicolae_transporter_intersection, minmay_shoptagon
Depths:2: thingy_vault_2, layout_gridlike, pf_vacation_house_of_asmodeus,
          pan_entry, kennysheep_generic_room_14,
          infiniplex_staircase_pillars_3a, uniq_grunn, uniq_enchantress
Depths:3: cheibrodos_poisonous_passages, layout_basic,
          hangedman_abyss_entry_splay, special_room [special_room_morgue],
          rand_demon_pan_entry_3, hell_entry, roderic_roman_lattice,
          serial_bayou_pond_b, nicolae_sif_muna_little_library
Depths:4: grunt_zot_entry_gee_three, layout_gridville, enter_ziggurat_b,
          dk_noncrumbling_4, lightli_too_deep, minmay_shop_star
Zot:1:    layout_concentric_octagons, nicolae_transporter_circle
Zot:2:    layout_gridlike, grunt_megastairs_2, lemuel_elevator
Zot:3:    layout_onion_interference
Zot:4:    layout_onion_interference
Zot:5:    layout_basic

Notes
Turn   | Place    | Note
-------+----------+-------------------------------------------
     0 | D:1      | demibob the Minotaur Fighter began the quest for the Orb.
     0 | D:1      | Reached XP level 1. HP: 19/19 MP: 0/0
    31 | D:1      | Reached skill level 3 in Long Blades
    35 | D:1      | Reached XP level 2. HP: 7/26 MP: 1/1
   244 | D:1      | Reached skill level 4 in Long Blades
   244 | D:1      | Reached XP level 3. HP: 28/31 MP: 2/2
   670 | D:1      | Reached skill level 5 in Long Blades
   834 | D:2      | Reached XP level 4. HP: 27/39 MP: 3/3
  1576 | D:3      | Reached skill level 6 in Long Blades
  1703 | D:3      | Found a shimmering blue altar of Sif Muna.
  1716 | D:3      | Reached XP level 5. HP: 35/45 MP: 4/4
  2107 | D:3      | Reached skill level 7 in Long Blades
  2503 | D:3      | Found a glowing golden altar of the Shining One.
  2601 | D:4      | Reached XP level 6. HP: 46/51 MP: 5/5
  2651 | D:4      | Found a hazy altar of Hepliaklqana.
  2973 | D:4      | Found a burning altar of Makhleb.
  2973 | D:4      | Noticed a balrug
  2976 | D:4      | Noticed a neqoxec
  2976 | D:4      | Noticed an orange demon
  3021 | D:4      | Identified a potion of resistance
  3048 | D:5      | Entered Level 5 of the Dungeon
  3070 | D:5      | Reached skill level 8 in Long Blades
  3142 | D:5      | Found a basalt altar of Yredelemnul.
  3224 | D:5      | Noticed an ice beast
  3224 | D:5      | Noticed a wraith
  3285 | D:5      | Reached skill level 9 in Long Blades
  3285 | D:5      | Reached XP level 7. HP: 33/57 MP: 3/6
  3291 | D:5      | Found a hide-covered altar of Uskayaw.
  3291 | D:5      | Noticed a +0 dagger
  3292 | D:5      | Noticed a +0 spear
  3292 | D:5      | Noticed a +0 short sword
  3292 | D:5      | Noticed a +0 falchion
  3292 | D:5      | Noticed a +0 falchion
  3297 | D:5      | Noticed a +0 dagger
  3298 | D:5      | Noticed a +0 spear
  3327 | D:5      | Found a sand-covered staircase.
  3332 | Ossuary  | Entered an ossuary
  3502 | Ossuary  | Reached skill level 10 in Long Blades
  3732 | Ossuary  | Noticed a flying skull
  3732 | Ossuary  | Noticed a wraith
  3739 | Ossuary  | Noticed a flying skull
  3777 | Ossuary  | Noticed a wraith
  3783 | Ossuary  | Killed a wraith
  3969 | Ossuary  | Reached skill level 11 in Long Blades
  3998 | Ossuary  | Noticed a wraith
  4007 | Ossuary  | Killed a wraith
  4008 | Ossuary  | Reached XP level 8. HP: 46/64 MP: 2/7
  4173 | D:5      | Noticed a +0 short sword
  4534 | D:6      | Reached skill level 12 in Long Blades
  4537 | D:6      | Found a shadowy altar of Dithmenos.
  4814 | D:6      | Found a staircase to the Ecumenical Temple.
  4861 | D:6      | Reached skill level 13 in Long Blades
  5058 | D:7      | Noticed Pikel
  5079 | D:7      | Killed Pikel
  5080 | D:7      | Reached skill level 14 in Long Blades
  5080 | D:7      | Reached skill level 4 in Fighting
  5080 | D:7      | Reached skill level 4 in Armour
  5080 | D:7      | Reached XP level 9. HP: 49/72 MP: 6/8
  5227 | D:7      | Reached skill level 5 in Fighting
  5227 | D:7      | Reached skill level 5 in Armour
  5656 | Temple   | Entered the Ecumenical Temple
  5942 | D:6      | Noticed Dowan
  5942 | D:6      | Noticed Duvessa
  5950 | D:6      | Killed Dowan
  6104 | D:6      | Reached skill level 6 in Fighting
  6104 | D:6      | Reached skill level 6 in Armour
  6363 | D:6      | Found an opulent altar of Gozag.
  6364 | D:6      | Found a glowing silver altar of Zin.
  6379 | D:6      | Became a worshipper of Gozag Ym Sagoz the Greedy
  6473 | D:6      | Killed Duvessa
  6691 | D:7      | Found a sparkling altar of Nemelex Xobeh.
  6917 | D:8      | Reached skill level 7 in Fighting
  6917 | D:8      | Reached skill level 7 in Armour
  6955 | D:8      | Identified a scarf of resistance
  7122 | D:8      | Noticed Maurice
  7130 | D:8      | Killed Maurice
  7226 | D:8      | Reached skill level 8 in Fighting
  7226 | D:8      | Reached skill level 8 in Armour
  7234 | D:8      | Reached XP level 10. HP: 64/88 MP: 9/9
  7264 | D:8      | Found a staircase to the Lair.
  7269 | D:8      | Noticed a death yak
  7272 | D:8      | Paralysed by a hornet for 2 turns
  7273 | D:8      | Noticed a death yak
  7274 | D:8      | Noticed a death yak
  7288 | D:8      | Killed a death yak
  7294 | D:8      | Killed a death yak
  7295 | D:8      | Reached skill level 9 in Fighting
  7295 | D:8      | Reached skill level 9 in Armour
  7297 | D:8      | Killed a death yak
  7390 | D:8      | Reached skill level 10 in Fighting
  7390 | D:8      | Reached skill level 10 in Armour
  7503 | D:8      | Got Sif Muna's Parchment of Elliptic Oxidation
  8110 | D:9      | Found a sacrificial altar of Ru.
  8393 | D:9      | Noticed a manticore
  8401 | D:9      | Killed a manticore
  8506 | D:9      | Noticed a purple ugly thing
  8509 | D:9      | Killed a purple ugly thing
  8510 | D:9      | Reached XP level 11. HP: 95/101 MP: 10/10
  8810 | D:9      | Reached skill level 15 in Long Blades
  9051 | Lair:1   | Entered Level 1 of the Lair of Beasts
  9250 | Lair:1   | Reached skill level 16 in Long Blades
 10013 | Lair:2   | Reached skill level 17 in Long Blades
 10040 | Lair:2   | Reached skill level 18 in Long Blades
 10117 | Lair:2   | Reached XP level 12. HP: 82/108 MP: 11/11
 10184 | Lair:2   | Noticed an eight-headed hydra
 10191 | Lair:2   | Killed a 12-headed hydra
 10411 | Lair:2   | Found a hole to the Spider Nest.
 10508 | Lair:2   | Reached skill level 19 in Long Blades
 10791 | Lair:2   | Noticed a six-headed hydra
 10800 | Lair:2   | Killed an eight-headed hydra
 11204 | Lair:2   | Found a staircase to the Shoals.
 11563 | Lair:3   | Reached skill level 20 in Long Blades
 11618 | Lair:3   | Reached skill level 11 in Armour
 11691 | Lair:3   | Noticed Amaemon
 11701 | Lair:3   | Killed Amaemon
 11702 | Lair:3   | Reached skill level 11 in Fighting
 11952 | Lair:3   | Reached skill level 12 in Armour
 12231 | Lair:3   | Found a runed translucent door.
 12487 | Lair:3   | Reached XP level 13. HP: 95/117 MP: 12/12
 12524 | Lair:3   | Found a runed translucent gate.
 12524 | Lair:3   | Found a runed translucent gate.
 12524 | Lair:3   | Found a runed translucent gate.
 12524 | Lair:3   | Found a runed translucent gate.
 12525 | Lair:3   | Found a runed translucent gate.
 12528 | Lair:3   | Reached skill level 13 in Armour
 12528 | Lair:3   | Found a runed translucent gate.
 12536 | Lair:3   | Reached skill level 12 in Fighting
 12957 | Lair:4   | Reached skill level 14 in Armour
 13286 | D:8      | Bought the +9 plate armour "Tixa" {Rampage Fly rElec
                  | Regen+} for 1345 gold pieces
 13615 | Lair:5   | Entered Level 5 of the Lair of Beasts
 13643 | Lair:5   | Found a staircase to the Slime Pits.
 13791 | Lair:5   | HP: 10/119 [16-headed hydra (4)]
 13796 | Lair:5   | Reached skill level 13 in Fighting
 13990 | Lair:5   | Reached skill level 15 in Armour
 14359 | Lair:5   | Reached skill level 16 in Armour
 14443 | Lair:5   | Noticed a dire elephant
 14454 | Lair:5   | Killed a dire elephant
 14735 | Lair:5   | Reached XP level 14. HP: 130/130 MP: 13/13
 14753 | Lair:5   | Reached skill level 14 in Fighting
 15127 | D:10     | Entered Level 10 of the Dungeon
 15228 | D:10     | Noticed Lodul
 15245 | D:10     | Killed Lodul
 15489 | D:10     | Reached skill level 17 in Armour
 17192 | D:12     | Found Jahasut's Armour Shoppe.
 17192 | D:12     | Found a staircase to the Orcish Mines.
 17193 | D:12     | Found Voogaytu's Weapon Shoppe.
 17198 | D:12     | Noticed Jorgrun
 17199 | D:12     | Noticed Nergalle
 17229 | D:12     | Killed Jorgrun
 17230 | D:12     | Reached skill level 1 in Evocations
 17270 | D:12     | Killed Nergalle
 17277 | D:12     | Reached skill level 2 in Evocations
 17426 | D:12     | Found Keyt's Fire Supplies.
 17559 | D:12     | Reached skill level 3 in Evocations
 17865 | D:13     | Noticed Azrael
 17875 | D:13     | Killed Azrael
 17878 | D:13     | Reached skill level 4 in Evocations
 17882 | D:13     | Reached skill level 18 in Armour
 17932 | D:13     | Found a blossoming altar of Fedhas.
 18613 | D:14     | Reached skill level 5 in Evocations
 18903 | D:14     | Reached skill level 6 in Evocations
 19053 | D:14     | Reached skill level 4 in Shields
 19115 | D:12     | Bought the +5 Storm Queen's Shield {shock, Fly rElec} for
                  | 684 gold pieces
 19115 | D:12     | Found the +5 Storm Queen's Shield {shock, Fly rElec}
 19134 | Orc:1    | Entered Level 1 of the Orcish Mines
 19399 | Orc:2    | Entered Level 2 of the Orcish Mines
 19507 | Orc:2    | Reached XP level 15. HP: 124/131 MP: 14/14
 19509 | Orc:2    | Identified a +1 robe of the Archmagi
 19532 | Orc:2    | Noticed Saint Roka
 19539 | Orc:2    | Reached skill level 5 in Shields
 19568 | Orc:2    | Killed Saint Roka
 19569 | Orc:2    | Reached skill level 6 in Shields
 19574 | Orc:2    | Reached skill level 7 in Shields
 19804 | Orc:2    | Found Taqeonuf's Weapon Shoppe.
 19804 | Orc:2    | Found Gocowela's Jewellery Emporium.
 19805 | Orc:2    | Found Seka's Assorted Antiques.
 19809 | Orc:2    | Found Duluosm's Magic Scroll Shoppe.
 19954 | Orc:2    | Found a staircase to the Elven Halls.
 20004 | Orc:2    | Reached skill level 8 in Shields
 20133 | Orc:1    | Reached skill level 9 in Shields
 20141 | Orc:1    | Found a shimmering altar of Xom.
 20525 | D:14     | Noticed Rupert
 20552 | D:14     | Killed Rupert
 20652 | D:14     | Reached skill level 10 in Shields
 20721 | D:14     | Found a gate to the Vaults.
 20855 | D:15     | Entered Level 15 of the Dungeon
 20872 | D:15     | Found Ibruecap's Antique Armour Shop.
 20906 | D:15     | Bought a twisted cloak for 370 gold pieces
 20906 | D:15     | Identified the +0 cloak of Poolas {MP+9} (You bought it in
                  | a shop on level 15 of the Dungeon)
 20933 | D:15     | Reached skill level 11 in Shields
 20935 | D:15     | Found a staircase to the Depths.
 21012 | D:15     | Found an iron altar of Okawaru.
 21240 | D:15     | Found a transporter.
 21251 | D:15     | Noticed Nol Upoh's ghost (journeyman GrFi)
 21266 | D:15     | Found a transporter.
 21317 | D:15     | Found an ornate altar of the Wu Jian Council.
 21796 | Shoals:1 | Entered Level 1 of the Shoals
 21874 | Shoals:1 | Reached skill level 12 in Shields
 21989 | Shoals:1 | Reached skill level 13 in Shields
 22358 | Shoals:1 | Reached skill level 14 in Shields
 22845 | Shoals:2 | Noticed Polyphemus
 22883 | Shoals:2 | Killed Polyphemus
 22957 | Shoals:2 | Reached XP level 16. HP: 147/147 MP: 15/15
 23003 | Shoals:2 | Reached skill level 15 in Shields
 23229 | Shoals:2 | Found Qeleigru's Distillery.
 23234 | Shoals:2 | Bought a potion of might for 60 gold pieces
 23234 | Shoals:2 | Bought a potion of curing for 45 gold pieces
 23234 | Shoals:2 | Bought a potion of curing for 45 gold pieces
 23234 | Shoals:2 | Bought a potion of flight for 45 gold pieces
 23285 | Shoals:2 | Found a runed translucent door.
 23415 | Shoals:2 | Noticed Mil Mal Serr's ghost (adept MiFi)
 23591 | Shoals:3 | Noticed Ilsuiw
 23604 | Shoals:3 | Reached skill level 19 in Armour
 23757 | Shoals:3 | Found Fyngis's Antique Armour Emporium.
 23899 | Shoals:3 | Killed Ilsuiw
 24215 | Shoals:3 | Reached skill level 15 in Fighting
 24231 | Shoals:3 | Noticed a kraken
 24243 | Shoals:3 | Killed a kraken
 24575 | Shoals:4 | Entered Level 4 of the Shoals
 24827 | Shoals:4 | Reached skill level 16 in Shields
 25153 | Shoals:4 | Identified the +1 fire dragon scales of Hysteria {rElec
                  | rF++ rC- Int+5 Stlth-}
 25297 | Shoals:4 | Identified the ring "Huroy" {Fly Will- Int+8}
 25354 | Shoals:4 | Reached skill level 16 in Fighting
 25440 | Shoals:4 | Noticed a kraken
 25491 | Shoals:4 | Killed a kraken
 25492 | Shoals:4 | Reached skill level 20 in Armour
 25605 | Shoals:4 | Got a barnacled rune of Zot
 25652 | Shoals:4 | Reached XP level 17. HP: 159/159 MP: 16/16
 26312 | Vaults:1 | Entered Level 1 of the Vaults
 26316 | Vaults:1 | Found Quroom's General Store.
 26345 | Vaults:1 | Reached skill level 17 in Shields
 26887 | Vaults:1 | Reached skill level 17 in Fighting
 27106 | Vaults:1 | Identified the +1 pair of gloves of Restlessness {rCorr}
 27140 | Vaults:1 | Found Gaceczij's Antique Armour Emporium.
 27247 | Vaults:1 | Reached skill level 21 in Armour
 27525 | Vaults:1 | Reached skill level 18 in Shields
 27989 | D:14     | Bought the +0 pair of fencer's gloves {Riposte Dex+3} for
                  | 1120 gold pieces
 27989 | D:14     | Found the +0 pair of fencer's gloves {Riposte Dex+3}
 28169 | Vaults:2 | Reached skill level 18 in Fighting
 28254 | Vaults:2 | Reached XP level 18. HP: 170/172 MP: 17/17
 28261 | Vaults:2 | Noticed Bai Suzhen
 28294 | Vaults:2 | Killed Bai Suzhen
 28420 | Vaults:2 | Identified the ring "Yrun" {rN+ Slay+4 Stlth+}
 28470 | Vaults:2 | Noticed Margery
 28738 | Vaults:2 | Reached skill level 19 in Shields
 28792 | Vaults:2 | Reached skill level 22 in Armour
 28799 | Vaults:2 | Killed Margery
 29083 | Vaults:2 | Reached skill level 19 in Fighting
 29168 | Vaults:2 | Reached skill level 1 in Dodging
 29187 | Vaults:2 | Reached skill level 2 in Dodging
 29654 | Vaults:2 | Found the +27 heavy crossbow "Sniper" {heavy, Acc+∞ SInv}
 29666 | Vaults:2 | Identified the ring of the Harvest {*Corrode AC+4 Int+4
                  | Dex+4}
 29667 | Vaults:2 | Reached skill level 3 in Dodging
 29692 | Vaults:2 | Reached skill level 4 in Dodging
 29768 | Vaults:2 | Identified the amulet "Puvvuas" {Acrobat Str+5}
 30082 | Vaults:3 | Reached skill level 5 in Dodging
 30087 | Vaults:3 | Reached skill level 20 in Shields
 30191 | Vaults:3 | Found Veism's Assorted Antiques.
 30282 | Vaults:3 | Reached XP level 19. HP: 184/184 MP: 18/18
 30349 | Vaults:3 | Reached skill level 6 in Dodging
 30424 | Vaults:3 | You are sucked into a shaft and drop 1 floor!
 30634 | Vaults:4 | Reached skill level 20 in Fighting
 30773 | Vaults:4 | Reached skill level 7 in Dodging
 31436 | Vaults:4 | Reached skill level 8 in Dodging
 31544 | Vaults:4 | Reached skill level 21 in Shields
 31786 | Vaults:4 | Reached skill level 9 in Dodging
 31987 | Vaults:4 | Reached skill level 21 in Fighting
 32346 | Vaults:3 | You are cast into the Abyss!
 32346 | Abyss:2  | Cast into level 2 of the Abyss (a wizard)
 32378 | Vaults:3 | You pass through the gate.
 32378 | Vaults:3 | Escaped the Abyss
 32434 | Vaults:3 | Found a staircase to the Crypt.
 33012 | Elf:1    | Entered Level 1 of the Elven Halls
 33170 | Elf:1    | Reached XP level 20. HP: 198/198 MP: 19/19
 33280 | Elf:1    | Found Qaexzoro's Distillery.
 33304 | Elf:1    | Bought a potion of heal wounds for 65 gold pieces
 33325 | Elf:1    | Reached skill level 10 in Dodging
 34199 | Elf:2    | Found a runed translucent gate.
 34199 | Elf:2    | Found a runed translucent gate.
 34199 | Elf:2    | Found a runed translucent gate.
 34211 | Elf:2    | Reached skill level 22 in Shields
 34291 | Elf:3    | Entered Level 3 of the Elven Halls
 34410 | Elf:3    | Reached skill level 11 in Dodging
 34452 | Elf:3    | You are cast into the Abyss!
 34452 | Abyss:3  | Cast into level 3 of the Abyss (a deep elf sorcerer)
 34509 | Abyss:3  | Reached skill level 22 in Fighting
 34805 | Abyss:3  | Got an abyssal rune of Zot
 34866 | Abyss:3  | Gained mutation: You are frail. (-10% HP) [a neqoxec]
 34873 | Abyss:3  | Lost mutation: You are frail. (-10% HP) [potion of
                  | mutation]
 34873 | Abyss:3  | Gained mutation: You are agile. (Dex +4, Str/Int -1)
                  | [potion of mutation]
 34943 | Elf:3    | You pass through the gate.
 34943 | Elf:3    | Escaped the Abyss
 35041 | Elf:3    | Reached skill level 12 in Dodging
 35081 | Elf:3    | Got the Atlas of Topography and Filth
 35191 | Elf:3    | Found Zosif's General Store.
 35286 | Elf:3    | Identified the +7 chain mail of Hide-and-Seek {rF+ Stlth+}
 35399 | Elf:3    | Identified the ring "Sotuc" {rN+ Will+ Slay+6 Stlth-}
 35526 | Elf:3    | Identified the ring of Bimoho {Will+ MP+9 Str+3 SInv}
 35595 | Elf:3    | Got Fadeerphauhor's Tome of the Curse
 35597 | Elf:3    | Got the Compilation of Wintry Rallying
 35648 | Elf:3    | Identified the +9 broad axe of Yeast {pain, rElec Str+5}
 35652 | Elf:3    | Identified the +3 quarterstaff of Adweath {heavy, rN+}
 35751 | Elf:3    | Noticed Roxanne
 35768 | Elf:3    | Killed Roxanne
 35789 | Elf:3    | Reached skill level 23 in Shields
 36314 | Spider:1 | Entered Level 1 of the Spider Nest
 36319 | Spider:1 | Reached XP level 21. HP: 210/210 MP: 20/20
 36383 | Spider:1 | Reached skill level 23 in Fighting
 36515 | Spider:1 | Noticed Donald
 36525 | Spider:1 | Killed Donald
 37047 | Spider:1 | Identified a scroll of acquirement
 37048 | Spider:1 | Acquired a manual of Evocations
 37531 | Spider:2 | Reached skill level 7 in Evocations
 38119 | Spider:3 | Reached skill level 8 in Evocations
 38258 | Spider:3 | Reached skill level 24 in Shields
 38382 | Spider:3 | Reached skill level 9 in Evocations
 38919 | Spider:4 | Entered Level 4 of the Spider Nest
 39121 | Spider:4 | Reached skill level 10 in Evocations
 39130 | Spider:4 | Noticed Agnes
 39142 | Spider:4 | Killed Agnes
 39479 | Spider:4 | Reached skill level 11 in Evocations
 39518 | Spider:4 | Got a gossamer rune of Zot
 40303 | Vaults:5 | Entered Level 5 of the Vaults
 40339 | Vaults:5 | Identified the +5 chain mail of Grot {rCorr Str+4 Int-4}
 40360 | Vaults:5 | Reached skill level 12 in Evocations
 40391 | Vaults:5 | Reached XP level 22. HP: 200/220 MP: 21/21
 40419 | Vaults:5 | Reached skill level 13 in Evocations
 40478 | Vaults:5 | Noticed a golden dragon
 40486 | Vaults:5 | Killed a golden dragon
 40515 | Vaults:5 | Identified the +1 falchion of Wu Jian, Scorching {heavy,
                  | *Rage rC+ rN+}
 40517 | Vaults:5 | Reached skill level 24 in Fighting
 40521 | Vaults:5 | Noticed an ancient lich
 40541 | Vaults:5 | Killed an ancient lich
 40542 | Vaults:5 | Reached skill level 14 in Evocations
 40799 | Vaults:5 | Identified the +5 short sword of Beogh's Brutal Revenge
                  | {antimagic, Int+3 SInv Stlth+}
 40804 | Vaults:5 | Identified the +3 quarterstaff of Wuroinuf {freeze, Drain
                  | rC++ Int+3}
 40864 | Vaults:5 | Reached skill level 25 in Shields
 40915 | Vaults:5 | Identified the +8 hand axe of the Extremes {freeze,
                  | *Corrode rC- Str+6 Int+8}
 40994 | Vaults:5 | Identified the ring of Fedhas's Envy {rF+ rC+ MP+9 Int+3}
 41107 | Vaults:5 | Identified the +7 scale mail of Bogradic {*Slow Will+ Str+3
                  | Dex+3}
 41107 | Vaults:5 | Identified the ring "Lisaomm" {rPois Int+6 Dex+4}
 41281 | Vaults:5 | Identified the +3 leather armour of Impermeability {rC+}
 41389 | Vaults:5 | Noticed a dread lich
 41406 | Vaults:5 | Killed a dread lich
 41464 | Vaults:5 | Got the Volume of the Calorific Chill
 41490 | Vaults:5 | Got the Folio of Translocational Forms
 41510 | Vaults:5 | Noticed a dread lich
 41540 | Vaults:5 | Killed a dread lich
 41541 | Vaults:5 | Reached skill level 23 in Armour
 41695 | Vaults:5 | Got a silver rune of Zot
 41992 | Crypt:1  | Entered Level 1 of the Crypt
 42000 | Crypt:1  | Reached skill level 25 in Fighting
 42055 | Crypt:1  | Reached XP level 23. HP: 234/234 MP: 22/22
 42350 | Crypt:1  | Identified the +5 broad axe of Piagh {vamp, *Slow rF+
                  | Str+2}
 43031 | Crypt:2  | Reached skill level 26 in Shields
 43152 | Crypt:2  | Noticed a curse skull
 43161 | Crypt:2  | Killed a curse skull
 43665 | Crypt:3  | Entered Level 3 of the Crypt
 43667 | Crypt:3  | Found a staircase to the Tomb.
 43775 | Crypt:3  | Noticed a curse skull
 43779 | Crypt:3  | Killed a curse skull
 43811 | Crypt:3  | Noticed a curse skull
 43826 | Crypt:3  | Killed a curse skull
 44146 | Crypt:3  | Reached skill level 24 in Armour
 44273 | Crypt:3  | Found a basalt altar of Yredelemnul.
 44300 | Crypt:3  | Noticed a curse skull
 44311 | Crypt:3  | Killed a curse skull
 44477 | Crypt:3  | Reached skill level 26 in Fighting
 45487 | Depths:1 | Entered Level 1 of the Depths
 45492 | Depths:1 | Found a gateway to Hell.
 45759 | Depths:1 | Found a transporter.
 45949 | Depths:1 | Found Beelaunosm's Antique Weapon Shoppe.
 45949 | Depths:1 | Found Waduni's Book Emporium.
 45955 | Depths:1 | Found Hecvomox's Assorted Antiques.
 45958 | Depths:1 | Found Weliupt's Antique Weapon Emporium.
 46080 | Depths:1 | Found a transporter.
 46119 | Depths:1 | Found a transporter.
 46504 | Depths:1 | Found a transporter.
 46584 | Depths:2 | Found a one-way gate leading to the halls of Pandemonium.
 46713 | Depths:2 | Reached skill level 27 in Shields
 46713 | Depths:2 | Reached XP level 24. HP: 247/247 MP: 22/22
 46845 | Depths:2 | Identified a +2 robe of the Archmagi
 47057 | Depths:2 | Noticed Grunn
 47066 | Depths:2 | Killed Grunn
 47091 | Depths:2 | Reached skill level 25 in Armour
 47507 | Depths:2 | Found a runed translucent door.
 47515 | Depths:2 | Found a runed translucent door.
 47515 | Depths:2 | Noticed a caustic shrike
 47538 | Depths:2 | Noticed the Enchantress
 47546 | Depths:2 | Reached skill level 27 in Fighting
 47557 | Depths:2 | Killed the Enchantress
 47863 | Depths:2 | Killed a caustic shrike
 47934 | Depths:2 | Reached skill level 26 in Armour
 48492 | Slime:1  | Entered Level 1 of the Pits of Slime
 48643 | Slime:5  | Entered Level 5 of the Pits of Slime
 48648 | Slime:5  | Gained mutation: You have hidden genetic defects. [a
                  | shining eye]
 48650 | Slime:5  | Gained mutation: You are dopey. (Int -2) [a shining eye]
 48652 | Slime:5  | Lost mutation: You are agile. (Dex +4, Str/Int -1) [potion
                  | of mutation]
 48652 | Slime:5  | Lost mutation: You have hidden genetic defects. [potion of
                  | mutation]
 48652 | Slime:5  | Gained mutation: You are partially covered in iridescent
                  | scales. (AC +2) [potion of mutation]
 48652 | Slime:5  | Gained mutation: You are mostly covered in iridescent
                  | scales. (AC +4) [potion of mutation]
 48653 | Slime:5  | Lost mutation: You are mostly covered in iridescent scales.
                  | (AC +4) [potion of mutation]
 48653 | Slime:5  | Lost mutation: You are partially covered in iridescent
                  | scales. (AC +2) [potion of mutation]
 48653 | Slime:5  | Gained mutation: You passively map a small area around you.
                  | [potion of mutation]
 48653 | Slime:5  | Gained mutation: You are weak. (Str -2) [potion of
                  | mutation]
 48653 | Slime:5  | Gained mutation: You do not regenerate when monsters are
                  | visible. [potion of mutation]
 48654 | Slime:5  | Lost mutation: You passively map a small area around you.
                  | [potion of mutation]
 48654 | Slime:5  | Lost mutation: You do not regenerate when monsters are
                  | visible. [potion of mutation]
 48654 | Slime:5  | Gained mutation: You have large cloven feet. [potion of
                  | mutation]
 48655 | Slime:5  | Lost mutation: You are weak. (Str -2) [potion of mutation]
 48655 | Slime:5  | Lost mutation: You are dopey. (Int -2) [potion of mutation]
 48655 | Slime:5  | Gained mutation: You are occasionally teleported next to
                  | monsters. [potion of mutation]
 48655 | Slime:5  | Gained mutation: You have hoof-like feet. [potion of
                  | mutation]
 48655 | Slime:5  | Gained mutation: You have a somewhat thin skeletal
                  | structure. (Dex +2, Stealth+) [potion of mutation]
 48805 | D:8      | Bought the +8 orange crystal plate armour {Archmagi, Int+3
                  | Clar} for 7080 gold pieces
 48805 | D:8      | Found the +8 orange crystal plate armour {Archmagi, Int+3
                  | Clar}
 49017 | Vaults:1 | Bought a pair of glowing boots for 300 gold pieces
 49403 | Slime:5  | Found a viscous altar of Jiyva.
 49404 | Slime:5  | Found the +13 scythe of Curses {drain, curses, Drain}
 49411 | Slime:5  | Noticed the Royal Jelly
 49508 | Slime:5  | Killed the Royal Jelly
 49509 | Slime:5  | Reached skill level 27 in Armour
 49532 | Slime:5  | Identified the amulet of the Death Scarab {Faith Str+3}
 49559 | Slime:5  | Identified the ring of Heresy {rC+ Will+}
 49574 | Slime:5  | Got a slimy rune of Zot
 49675 | Slime:5  | Identified the +7 halberd "Castramu" {heavy, *Noise Str+5}
 50339 | Depths:3 | Found a one-way gate to the infinite horrors of the Abyss.
 50373 | Depths:3 | Reached skill level 13 in Dodging
 50394 | Depths:3 | Found a shimmering blue altar of Sif Muna.
 50560 | Depths:3 | Identified the +1 robe of Masochism {Rampage rElec}
 50862 | Depths:3 | Noticed an ancient lich
 51159 | Depths:3 | Reached XP level 25. HP: 247/252 MP: 22/22
 51330 | Depths:3 | Reached skill level 21 in Long Blades
 51422 | Depths:3 | Identified the +7 war axe of Righteous Fury {freeze, rC+}
 51477 | Depths:3 | Reached skill level 14 in Dodging
 52098 | Depths:3 | Killed an ancient lich
 52120 | Depths:3 | Got the Octavo of the Grave
 52277 | Depths:3 | Identified the +1 lajatang of Kiocyfa {pain, rElec rN+
                  | Int+4}
 52282 | Depths:3 | Identified the +8 rapier of the Rattlesnake {heavy, rC+
                  | Str+5}
 52330 | Depths:4 | Entered Level 4 of the Depths
 52843 | Depths:4 | Found Lamalade's Book Boutique.
 52867 | Depths:4 | Found a one-way gateway to a ziggurat.
 52868 | Depths:4 | Noticed a juggernaut
 52882 | Depths:4 | Killed a juggernaut
 52883 | Depths:4 | Reached skill level 15 in Dodging
 52982 | Depths:4 | Reached skill level 22 in Long Blades
 53140 | Depths:4 | Found a gate to the Realm of Zot.
 53588 | Zot:1    | Entered Level 1 of the Realm of Zot
 53701 | Zot:1    | Found a transporter.
 53703 | Zot:1    | Found a transporter.
 53730 | Zot:1    | Found a transporter.
 53952 | Zot:1    | Found a transporter.
 54015 | Zot:1    | Reached skill level 16 in Dodging
 54312 | Zot:1    | Noticed a curse toe
 54325 | Zot:1    | Killed a curse toe
 54623 | Zot:1    | Noticed an electric golem
 54639 | Zot:1    | Killed an electric golem
 55024 | Zot:1    | Reached skill level 23 in Long Blades
 55451 | Zot:2    | Reached skill level 17 in Dodging
 56405 | Zot:3    | Noticed a curse toe
 56406 | Zot:3    | Noticed a curse toe
 56642 | Zot:3    | Reached XP level 26. HP: 207/266 MP: 22/22
 56694 | Zot:3    | Noticed a curse toe
 56707 | Zot:2    | Killed a curse toe
 57319 | Zot:2    | Reached skill level 24 in Long Blades
 57486 | Zot:3    | Killed a curse toe
 57491 | Zot:3    | Reached skill level 18 in Dodging
 57937 | Zot:3    | Killed a curse toe
 58004 | Zot:3    | Identified the +1 pair of gloves of an ossuary {Int+3}
 58250 | Zot:3    | Upgraded the game from 0.30-a0-802-gb92711bcdf to
                  | 0.30-a0-808-g6e0788376e
 58427 | Zot:4    | Noticed a curse toe
 58437 | Zot:4    | Killed a curse toe
 59260 | Zot:5    | Entered Level 5 of the Realm of Zot
 59290 | Zot:5    | Noticed an ancient lich
 59306 | Zot:5    | Noticed an ancient lich
 59346 | Zot:5    | Noticed an electric golem
 59352 | Zot:5    | Killed an electric golem
 59356 | Zot:5    | Reached skill level 19 in Dodging
 59356 | Zot:5    | Noticed an orb of fire
 59437 | Zot:5    | Reached skill level 25 in Long Blades
 59450 | Zot:5    | Killed an orb of fire
 59452 | Zot:5    | Noticed an electric golem
 59453 | Zot:5    | Noticed an orb of fire
 59453 | Zot:5    | Noticed a dread lich
 59459 | Zot:5    | Noticed an orb of fire
 59464 | Zot:5    | Killed a dread lich
 59468 | Zot:5    | Killed an electric golem
 59480 | Zot:5    | Gained mutation: Armour fits poorly on your strangely
                  | shaped body. [an orb of fire]
 59481 | Zot:5    | Gained mutation: You are frail. (-10% HP) [an orb of fire]
 59489 | Zot:5    | Gained mutation: You are vulnerable to heat. (rF-) [an orb
                  | of fire]
 59492 | Zot:5    | Killed an orb of fire
 59496 | Zot:5    | Killed an ancient lich
 59498 | Zot:5    | Noticed a curse toe
 59509 | Zot:5    | Killed a curse toe
 59519 | Zot:5    | Lost mutation: You are occasionally teleported next to
                  | monsters. [potion of mutation]
 59519 | Zot:5    | Lost mutation: You have a somewhat thin skeletal structure.
                  | (Dex +2, Stealth+) [potion of mutation]
 59519 | Zot:5    | Lost mutation: You are vulnerable to heat. (rF-) [potion of
                  | mutation]
 59519 | Zot:5    | Gained mutation: You have hidden genetic potential. [potion
                  | of mutation]
 59519 | Zot:5    | Gained mutation: You possess an exceptional clarity of
                  | mind. [potion of mutation]
 59564 | Zot:5    | Killed an orb of fire
 60057 | Zot:5    | Got the Orb of Zot
 60157 | Zot:2    | Reached skill level 20 in Dodging
 60469 | D:12     | Noticed Lotapah the pandemonium lord
 60865 | D:$      | Escaped with the Orb!

Vanquished Creatures
  the Royal Jelly (Slime:5)
  3 dread liches
  2 orbs of fire (Zot:5)
  2 ancient liches
  A juggernaut (Depths:4)
  Saint Roka (Orc:2)
  3 Killer Klowns (Zot:5)
  Bai Suzhen (Vaults:2)
  Margery (Vaults:2)
  6 curse toes
  A caustic shrike (Depths:2)
  8 golden dragons
  the Enchantress (Depths:2)
  A bone dragon (Depths:2)
  3 electric golems
  A Tzitzimitl (Depths:2)
  3 doom hounds (Depths:2)
  11 tentacled monstrosities
  Jorgrun (D:12)
  Rupert (D:14)
  7 liches
  2 Ice Fiends
  2 deep elf blademasters (Elf:3)
  14 Orb Guardians
  Grunn (Depths:2)
  12 acid blobs
  8 quicksilver dragons
  2 Executioners
  4 ancient champions
  2 titans (Vaults:5)
  10 sphinxes
  3 krakens
  Agnes (Spider:4)
  5 death cobs
  10 shadow dragons
  Polyphemus (Shoals:2)
  5 tengu reavers
  A tentacled starspawn (Abyss:3)
  7 azure jellies (Slime:5)
  7 draconian monks
  6 storm dragons
  6 revenants
  Donald (Spider:1)
  9 fire giants
  Roxanne (Elf:3)
  4 draconian knights
  Ilsuiw (Shoals:3)
  3 nagarajas (Depths:3)
  14 deep elf sorcerers
  10 frost giants
  8 rockslimes (Slime:5)
  8 emperor scorpions
  3 deep elf elementalists (Elf:3)
  18 vault wardens
  2 balrugs
  10 draconian scorchers
  A caustic shrike zombie (Crypt:2)
  6 draconian shifters
  5 ghouls (Crypt:3)
  2 orc warlords
  6 draconian stormcallers
  3 ghost moths
  4 curse skulls
  2 war gargoyles (Vaults:5)
  26 ironbound preservers
  An angel (D:8)
  3 spriggan defenders (Depths:2)
  4 reapers
  10 ironbound thunderhulks
  7 quicksilver oozes
  A juggernaut skeleton (Crypt:1)
  3 draconian annihilators
  17 very ugly things
  18 stone giants
  2 broodmothers
  A putrid mouth (Depths:2)
  8 vampire knights
  A demonspawn black sun (D:14)
  8 deep elf demonologists
  11 green draconians
  Azrael (D:13)
  5 black draconians
  7 white draconians
  6 deep elf annihilators
  9 spark wasps
  22 dire elephants
  12 purple draconians
  8 yellow draconians
  14 red draconians
  2 quicksilver dragon zombies
  2 crystal guardians (Vaults:2)
  2 green deaths (Depths:3)
  10 merfolk impalers
  7 fire dragons
  14 ettins
  A shambling mangrove (Abyss:3)
  14 deep elf death magi
  3 eidola
  4 entropy weavers
  6 merfolk javelineers
  13 jiangshi
  18 yaktaur captains
  7 deep elf high priests
  7 hydras
  10 ice dragons
  16 great orbs of eyes
  4 rakshasas
  2 catoblepae
  35 vault guards
  A hell beast (Depths:3)
  4 ogre magi
  An alligator snapping turtle (Shoals:4)
  10 boulder beetles
  6 centaur warriors
  10 merfolk aquamancers
  3 peacekeepers
  12 ironbound frosthearts
  A ghost crab (Abyss:3)
  3 jorogumos
  4 merfolk avatars (Shoals:4)
  A death knight (Depths:3)
  5 spriggan air magi
  2 satyrs
  5 two-headed ogres
  A radroach (Spider:3)
  A spectral stone giant (Crypt:3)
  17 dancing weapons
  An alligator (Shoals:1)
  3 bennu skeletons
  A death scarab (Spider:4)
  5 deep troll earth magi
  A hell hog (Abyss:3)
  8 tengu warriors
  6 vampire magi
  8 death yaks
  11 deep troll shamans
  2 naga warriors (Depths:3)
  2 soul eaters
  4 orc high priests (Orc:2)
  6 spriggan berserkers
  2 skysharks (shapeshifter)
  16 hell knights
  A thrashing horror (Abyss:3)
  6 skysharks
  5 large abominations
  Nergalle (D:12)
  7 sun demons
  A shock serpent (shapeshifter) (Vaults:5)
  A spark wasp zombie (Depths:3)
  A wretched star (Abyss:3)
  11 deep elf knights
  A fire crab (Abyss:3)
  A sun moth (Spider:4)
  Amaemon (Lair:3)
  Lodul (D:10)
  6 pharaoh ants
  2 salamander mystics (Depths:3)
  19 shadow wraiths
  4 sixfirhies
  A titan skeleton (Crypt:1)
  32 skeletal warriors
  3 glowing orange brains
  6 iron trolls
  56 deep trolls
  9 flayed ghosts
  17 lindwurms
  A swamp dragon (Lair:5)
  A shadow demon (Zot:2)
  15 deep elf archers
  A bog body (Crypt:3)
  A lindwurm (shapeshifter) (Vaults:5)
  2 starcursed masses (Abyss:3)
  An orange crystal statue (Depths:2)
  12 steelbarb worms
  6 wizards
  28 phantasmal warriors
  A golden dragon skeleton (Crypt:3)
  8 sea snakes
  2 naga ritualists (Depths:3)
  12 orb spiders
  17 harpies
  20 deep elf zephyrmancers
  12 necromancers
  Pikel (D:7)
  29 wolf spiders
  20 ironbound convokers
  4 orc knights
  19 ugly things
  A sphinx zombie (Depths:4)
  A shadow dragon zombie (Depths:3)
  2 shining eyes (Slime:5)
  4 mana vipers (Depths:3)
  2 wolf spider zombies (Crypt:1)
  A cyclops (shapeshifter) (Vaults:2)
  16 manticores
  10 fauns
  21 deep elf pyromancers
  3 orc sorcerers
  8 salamanders (Depths:3)
  5 cyclopes
  A sphinx skeleton (Depths:3)
  2 fire giant zombies
  A shining eye (shapeshifter) (Vaults:5)
  A jorogumo skeleton (Crypt:3)
  28 vault sentinels
  An elephant (shapeshifter) (Depths:2)
  A goliath frog skeleton (Crypt:3)
  A toenail golem (Zot:2)
  6 black mambas
  23 moths of wrath
  2 apocalypse crabs (Abyss:3)
  10 elephants (Lair:2)
  10 merfolk sirens
  A rust devil (D:9)
  3 naga magi (Depths:3)
  3 water nymphs
  A fire giant skeleton (Vaults:4)
  Maurice (D:8)
  15 cane toads
  5 demonic crawlers
  A storm dragon simulacrum (Vaults:4)
  2 alligator snapping turtle zombies (Crypt:2)
  2 orange demons
  6 torpor snails
  An ice statue (Shoals:4)
  A hellion (Zot:5)
  5 komodo dragons
  A kobold demonologist (D:11)
  An unseen horror (shapeshifter) (Vaults:5)
  6 rime drakes
  A grey draconian zombie (Crypt:2)
  12 freezing wraiths
  23 yaktaurs
  An ice devil (D:1)
  A catoblepas skeleton (Crypt:2)
  A grey draconian skeleton (Crypt:1)
  2 harpy zombies
  A tormentor (Depths:2)
  A yaktaur skeleton (Vaults:2)
  A tengu conjurer (D:14)
  An ancient zyme (Abyss:3)
  6 hornets
  3 wind drakes
  5 trolls
  A red devil (Depths:3)
  A tengu simulacrum (Vaults:4)
  A hellwing (Depths:3)
  A tarantella (shapeshifter) (Vaults:2)
  36 tarantellas
  35 merfolk
  A satyr zombie (Crypt:3)
  A snapping turtle (shapeshifter) (Vaults:5)
  18 blink frogs
  69 slime creatures
  An ice dragon zombie (Crypt:2)
  22 jumping spiders
  10 snapping turtles
  2 ice dragon skeletons
  A jumping spider (shapeshifter) (D:15)
  5 small abominations
  18 flying skulls
  4 spriggans
  12 shadows
  14 water elementals
  20 culicivoras
  14 wraiths
  27 yaks
  5 basilisks
  6 wyverns
  4 fire bats (Depths:3)
  2 fire elementals
  A golden eye (Slime:5)
  A neqoxec (Abyss:3)
  2 chaos spawn
  A human simulacrum (Vaults:4)
  49 redbacks
  6 vampire mosquitoes
  2 yaktaur simulacra
  A steam dragon (Lair:5)
  5 wargs
  2 swamp worms (D:8)
  4 acid dragons (Lair:5)
  Duvessa (D:6)
  38 orc warriors
  14 water moccasins
  5 hell hounds (D:13)
  A sky beast (shapeshifter) (Vaults:5)
  A black bear (D:5)
  2 ice beasts
  5 boggarts (D:15)
  A swamp dragon zombie (Crypt:2)
  11 ogres
  7 centaurs
  10 wolves
  2 phantoms
  2 human zombies
  2 kobold brigands
  10 bullfrogs
  5 necrophages
  3 scorpions
  An earth elemental (Elf:1)
  Dowan (D:6)
  10 wights
  A spriggan skeleton (Crypt:3)
  4 killer bees (D:11)
  A yak skeleton (Crypt:3)
  4 electric eels
  A howler monkey (D:7)
  A shapeshifter skeleton (Crypt:3)
  A basilisk zombie (Crypt:3)
  2 hounds (D:4)
  36 orc priests
  A gnoll bouda (D:6)
  A human skeleton (Crypt:2)
  5 iguanas (Lair:5)
  39 orc wizards
  3 hell rats
  An acid dragon zombie (Crypt:2)
  9 gnolls
  4 adders
  4 river rats (D:8)
  2 steam dragon skeletons
  A shadow imp (D:5)
  A white imp (D:4)
  An ufetubus (Vaults:3)
  2 adder zombies (Ossuary)
  A lava snake zombie (Crypt:3)
  An iguana skeleton (Crypt:1)
  A worm (D:2)
  2 dart slugs
  93 orcs
  4 bats
  9 endoplasms
  6 giant cockroaches
  6 goblins
  11 hobgoblins
  11 kobolds
  A kobold (shapeshifter) (Vaults:5)
  4 quokkas
  6 ball pythons
  2 ball python skeletons (Ossuary)
  A dart slug zombie (Crypt:1)
  2 frilled lizards
  2 hobgoblin skeletons (Ossuary)
  2 hobgoblin zombies (Ossuary)
  A jackal zombie (Crypt:2)
  An orc skeleton (Ossuary)
  A quokka zombie (Crypt:2)
  8 rats
  A rat skeleton (Crypt:2)
  13 tentacles
2367 creatures vanquished.

Vanquished Creatures (collateral kills)
  An orb of fire (Zot:5)
  A Killer Klown (Zot:5)
  2 Orb Guardians (Zot:5)
  2 draconian knights (Zot:5)
  An ironbound frostheart (Vaults:3)
  2 boulder beetles (Lair:3)
  An ironbound convoker (Vaults:3)
  A lindwurm (Lair:3)
  A shining eye (Slime:5)
  An ugly thing (D:9)
  3 slime creatures (Vaults:3)
  A kobold brigand (D:9)
  2 lava snakes (Lair:3)
  7 kobolds (D:9)
26 creatures vanquished.

Vanquished Creatures (others)
  2 ancient liches (Zot:5)
  A Killer Klown (Zot:5)
  2 tentacled monstrosities
  10 Orb Guardians (Zot:5)
  A draconian shifter (Zot:5)
  A draconian annihilator (Zot:5)
  A vampire knight (Depths:3)
  A red draconian (Zot:1)
  A purple draconian (Zot:5)
  2 deep elf knights (Elf:1)
  A deep elf zephyrmancer (Elf:1)
  A demonic plant (Abyss:3)
  21 fungi
  80 plants
  2 starspawn tentacles (Abyss:3)
  19 tentacles
  20 withered plants (Crypt:3)
166 creatures vanquished.

Grand Total: 2559 creatures vanquished

Table legend: (Time is in decaauts)
 A = Elapsed time spent in this place.
 B = Non-inter-level travel time spent in this place.
 C = Inter-level travel time spent in this place.
 D = Time resting spent in this place.
 E = Time spent auto-exploring this place.
 F = Levels seen in this place.
 G = Mean time per level.
                   A        B        C        D        E       F      G
               +--------+--------+--------+--------+--------+-----+--------+
         Total |  58279 |  51516 |   6763 |   4492 |  35172 |  59 |  987.8 |
       Dungeon |  15110 |  12461 |   2649 |    587 |   9630 |  15 | 1007.3 |
        Temple |    190 |    167 |     23 |      0 |    164 |   1 |  190.0 |
          Lair |   6557 |   5425 |   1132 |    304 |   4113 |   5 | 1311.4 |
        Shoals |   4056 |   3876 |    180 |    242 |   2568 |   4 | 1014.0 |
   Spider Nest |   3460 |   3332 |    128 |      0 |   2643 |   4 |  865.0 |
    Slime Pits |    544 |    431 |    113 |     36 |     59 |   5 |  108.8 |
  Orcish Mines |   1168 |   1030 |    138 |      9 |    758 |   2 |  584.0 |
   Elven Halls |   2504 |   2335 |    169 |    354 |   1340 |   3 |  834.7 |
        Vaults |   7967 |   7107 |    860 |    515 |   4407 |   5 | 1593.4 |
         Crypt |   3097 |   2913 |    184 |    189 |   2027 |   3 | 1032.3 |
        Depths |   6036 |   5450 |    586 |    549 |   3812 |   4 | 1509.0 |
           Zot |   6300 |   5705 |    595 |   1384 |   3239 |   5 | 1260.0 |
         Abyss |    485 |    485 |      0 |     81 |      0 |   2 |  242.5 |
       Ossuary |    798 |    798 |      0 |    238 |    411 |   1 |  798.0 |
               +--------+--------+--------+--------+--------+-----+--------+

Top non-repeatable levels by time:
   Zot:2: 2117 daAuts
Vaults:1: 1881 daAuts
   Zot:1: 1848 daAuts
  Lair:2: 1815 daAuts
Depths:2: 1806 daAuts
Vaults:2: 1788 daAuts
Depths:3: 1771 daAuts
Vaults:4: 1757 daAuts
    D:11: 1553 daAuts
 Crypt:3: 1488 daAuts
     D:8: 1456 daAuts
Vaults:5: 1413 daAuts
  Lair:5: 1386 daAuts
Shoals:4: 1366 daAuts
    D:14: 1345 daAuts

Table legend:
 A = Non-vault XP
 B = Vault XP
 C = Vault XP percentage of total XP
 D = Non-vault monster count
 E = Vault monster count
 F = Vault count percentage of total count
                 A         B        C        D         E       F
            +---------+---------+-------+---------+---------+-------
      Total |  795877 |  659318 |  45.3 |    1504 |     845 |  36.0
            +---------+---------+-------+---------+---------+-------
        D:1 |      79 |       0 |   0.0 |      30 |       0 |   0.0
        D:2 |      55 |       3 |   5.2 |      16 |       2 |  11.1
        D:3 |     143 |       0 |   0.0 |      25 |       0 |   0.0
        D:4 |     138 |       0 |   0.0 |      16 |       0 |   0.0
        D:5 |     591 |       0 |   0.0 |       6 |       0 |   0.0
        D:6 |    1393 |     219 |  13.6 |      25 |       2 |   7.4
        D:7 |     553 |     607 |  52.3 |      16 |       1 |   5.9
        D:8 |    1743 |    3262 |  65.2 |      24 |      14 |  36.8
        D:9 |    3424 |       0 |   0.0 |      30 |       0 |   0.0
       D:10 |    2281 |    1493 |  39.6 |       7 |       7 |  50.0
       D:11 |    2706 |       0 |   0.0 |      26 |       0 |   0.0
       D:12 |    4377 |    3078 |  41.3 |      16 |      11 |  40.7
       D:13 |    5040 |    3257 |  39.3 |      14 |       9 |  39.1
       D:14 |   10506 |    9773 |  48.2 |      22 |      14 |  38.9
       D:15 |    2749 |    2715 |  49.7 |      10 |       3 |  23.1
     Lair:1 |    3490 |      90 |   2.5 |      14 |       1 |   6.7
     Lair:2 |   11661 |    1043 |   8.2 |      36 |       4 |  10.0
     Lair:3 |    6811 |    6534 |  49.0 |      24 |      15 |  38.5
     Lair:4 |    5604 |       0 |   0.0 |      14 |       0 |   0.0
     Lair:5 |    7403 |   11244 |  60.3 |      23 |      32 |  58.2
   Shoals:1 |   15822 |    1851 |  10.5 |      26 |       5 |  16.1
   Shoals:2 |    6962 |    3909 |  36.0 |      16 |       4 |  20.0
   Shoals:3 |   12383 |    2978 |  19.4 |      19 |       4 |  17.4
   Shoals:4 |   21378 |   25482 |  54.4 |      44 |      41 |  48.2
   Spider:1 |   23913 |    1341 |   5.3 |      60 |       1 |   1.6
   Spider:2 |   14561 |    4399 |  23.2 |      31 |       6 |  16.2
   Spider:3 |   15603 |       0 |   0.0 |      39 |       0 |   0.0
   Spider:4 |   19681 |   23870 |  54.8 |      43 |      45 |  51.1
    Slime:2 |    7662 |       0 |   0.0 |      13 |       0 |   0.0
    Slime:4 |    5026 |       0 |   0.0 |      11 |       0 |   0.0
    Slime:5 |    2980 |   24140 |  89.0 |       5 |      16 |  76.2
      Orc:1 |    3064 |       0 |   0.0 |      36 |       0 |   0.0
      Orc:2 |    3613 |    9123 |  71.6 |      38 |      49 |  56.3
      Elf:1 |    9700 |   14082 |  59.2 |      16 |      21 |  56.8
      Elf:2 |   11521 |    1649 |  12.5 |      19 |       2 |   9.5
      Elf:3 |   20740 |   38218 |  64.8 |      30 |      35 |  53.8
   Vaults:1 |   23106 |   24866 |  51.8 |      36 |      36 |  50.0
   Vaults:2 |   37814 |   50780 |  57.3 |      58 |      61 |  51.3
   Vaults:3 |   14916 |   26097 |  63.6 |      28 |      35 |  55.6
   Vaults:4 |   39699 |   30398 |  43.4 |      53 |      40 |  43.0
   Vaults:5 |   34987 |  110450 |  75.9 |      53 |      95 |  64.2
    Crypt:1 |   21941 |       0 |   0.0 |      35 |       0 |   0.0
    Crypt:2 |   32139 |    4259 |  11.7 |      51 |       5 |   8.9
    Crypt:3 |   32510 |   40400 |  55.4 |      48 |      70 |  59.3
   Depths:1 |   18758 |       0 |   0.0 |      22 |       0 |   0.0
   Depths:2 |   41795 |   42017 |  50.1 |      52 |      37 |  41.6
   Depths:3 |   28363 |   46356 |  62.0 |      40 |      49 |  55.1
   Depths:4 |   21153 |   19936 |  48.5 |      21 |      21 |  50.0
      Zot:1 |   48324 |       0 |   0.0 |      42 |       0 |   0.0
      Zot:2 |   42272 |    2479 |   5.5 |      35 |       3 |   7.9
      Zot:3 |   41906 |       0 |   0.0 |      36 |       0 |   0.0
      Zot:4 |   21847 |       0 |   0.0 |      17 |       0 |   0.0
      Zot:5 |   17480 |   58010 |  76.8 |      16 |      26 |  61.9
    Abyss:3 |   11511 |    8258 |  41.8 |      21 |       9 |  30.0
    Ossuary |       0 |     652 | 100.0 |       0 |      14 | 100.0
            +---------+---------+-------+---------+---------+-------
